Map: [ESL] Alcyone

Players

milkicow - Winner!

  • Race: Terran Terran
  • Spawn Location: 1:00

Nicoract

  • Race: Terran Terran
  • Spawn Location: 7:00

Event: ESL SC2 Masters 2023 Winter (Regional)

VOD

Have the link to the VOD?

Description

Time

  • Played on: Nov. 2, 2023, 1:02 p.m.
  • Length: 10:26

All games in this series

Show
View Real Time Build Order
Export as new Build Order

milkicow Terran - Winner!

Build Orders: Cyclone Opening 

Get SALT Encoding   

  12  0:00  SCV  
  13  0:12  SCV  
  14  0:17  Supply Depot  
  14  0:24  SCV  
  15  0:38  SCV  
  15  0:40  Barracks  
  16  0:43  Refinery  
  16  0:50  SCV  
  16  0:52  Refinery  
  17  1:02  SCV  
  18  1:15  SCV  
  19  1:27  Orbital Command  
  19  1:31  Factory  
  20  1:41  Reaper, Supply Depot  
  20  1:52  SCV  
  21  2:04  SCV  
  22  2:13  Barracks Reactor  
  22  2:15  Cyclone  
  24  2:18  SCV  
  25  2:26  Command Center  
  25  2:30  SCV  
  26  2:38  Starport  
  26  2:43  SCV, Supply Depot  
  27  2:54  Cyclone  
  27  2:56  Cyclone  
  31  3:05  SCV  
  32  3:08  Barracks Tech Lab  
  32  3:17  SCV  
  33  3:29  SCV  
  34  3:36  Siege Tank  
  34  3:37  Medivac  
  34  3:38  Marine x2  
  41  3:44  Refinery  
  41  3:45  SCV  
  42  3:57  SCV, Marine x2  
  42  3:58  Orbital Command  
  45  4:09  SCV  
  46  4:12  Siege Tank  
  49  4:21  SCV  
  49  4:22  Viking  
  49  4:23  Viking  
  54  4:26  Supply Depot  
  54  4:27  Barracks Tech Lab  
  54  4:30  Supply Depot  
  54  4:44  SCV  
  54  4:45  SCV  
  53  4:49  Marine  
  53  4:52  Siege Tank  
  57  4:53  Viking  
  57  4:56  SCV  
  57  4:57  SCV  
  54  5:07  Viking  
  54  5:08  SCV  
  54  5:10  Supply Depot  
  57  5:15  SCV  
  57  5:16  Stimpack  
  57  5:21  SCV  
  59  5:27  SCV  
  58  5:33  SCV  
  58  5:34  Supply Depot  
  55  5:39  SCV  
  56  5:45  SCV  
  56  5:48  Command Center  
  56  5:49  Siege Tank  
  60  5:53  SCV  
  61  6:00  SCV  
  61  6:02  Supply Depot  
  62  6:07  Liberator  
  62  6:08  Barracks x2  
  62  6:10  SCV  
  66  6:16  SCV  
  66  6:24  Viking  
  68  6:37  SCV  
  68  6:38  Siege Tank, Marine  
  68  6:39  SCV  
  64  6:42  Engineering Bay x2  
  64  6:44  Refinery  
  64  6:55  Marine  
  64  6:56  SCV  
  64  6:58  Barracks Reactor  
  64  7:00  Orbital Command  
  66  7:02  SCV  
  66  7:03  Barracks  
  66  7:04  Barracks, Starport Reactor  
  66  7:07  Marine  
  69  7:08  SCV  
  69  7:10  Siege Tank  
  69  7:14  SCV  
  73  7:18  Marine x2  
  73  7:20  SCV  
  76  7:24  Terran Infantry Weapons Level 1  
  76  7:25  Missile Turret, Marine  
  76  7:26  SCV  
  78  7:30  SCV  
  78  7:36  Terran Infantry Armor Level 1, Marine  
  77  7:38  SCV  
  77  7:39  Marine x3  
  77  7:42  Siege Tank  
  77  7:43  Marine  
  84  7:46  SCV  
  84  7:50  SCV  
  84  7:54  Marine  
  84  7:57  Marine x3  
  88  8:00  Barracks Reactor  
  88  8:01  Marine  
  88  8:02  SCV  
  88  8:03  Barracks Reactor  
  88  8:04  SCV x2  
  92  8:07  Combat Shield, Missile Turret  
  92  8:08  Missile Turret x2  
  92  8:12  Marine  
  93  8:14  Siege Tank  
  93  8:15  Marine x3  
  93  8:19  Marine  
  100  8:21  Supply Depot  
  100  8:22  Supply Depot  
  100  8:23  Armory  
  100  8:26  SCV x2  
  102  8:30  SCV  
  102  8:32  Marine  
  102  8:33  Medivac x2, Marine  
  109  8:41  SCV  
  109  8:43  SCV  
  109  8:46  SCV  
  111  8:49  Marine x3  
  111  8:50  Siege Tank, Marine  
  111  8:53  SCV  
  111  8:55  SCV  
  120  8:56  Orbital Command  
  120  9:05  SCV  
  120  9:06  Supply Depot  
  120  9:08  Supply Depot  
  120  9:09  Sensor Tower, Supply Depot, Marine, Refinery  
  121  9:10  SCV  
  121  9:12  Refinery  
  121  9:14  Marine x2  
  121  9:18  SCV  
  121  9:22  Marine  
  124  9:24  SCV x2  
  124  9:28  Marine  
  124  9:29  Marine  
  124  9:30  SCV  
  128  9:32  Marine  
  128  9:36  Marine  
  128  9:37  Marine  
  128  9:38  Siege Tank  
  132  9:40  Marine x3  
  132  9:41  Viking x2, Marine  
  139  9:46  Marine  
  139  9:47  Marine  
  139  9:50  Marine  
  128  10:01  Marine x6  
  128  10:03  SCV  
Show
View Real Time Build Order
Export as new Build Order

Nicoract Terran 

Build Orders:  

Get SALT Encoding   

  12  0:00  SCV  
  13  0:12  SCV  
  14  0:17  Supply Depot  
  14  0:24  SCV  
  15  0:38  SCV  
  15  0:40  Barracks  
  16  0:44  Refinery  
  16  0:51  SCV  
  16  0:53  Refinery  
  17  1:04  SCV  
  18  1:16  SCV  
  19  1:27  Reaper  
  19  1:28  Orbital Command, Supply Depot  
  20  1:43  Factory  
  20  1:54  SCV  
  21  1:59  Reaper  
  22  2:07  SCV  
  23  2:19  SCV  
  23  2:20  Command Center  
  24  2:28  Factory Tech Lab  
  24  2:31  Barracks Reactor, SCV  
  24  2:33  Supply Depot  
  25  2:43  SCV  
  26  2:54  Siege Tank  
  26  2:55  SCV  
  29  3:00  Refinery  
  29  3:07  Marine x2, SCV  
  32  3:13  Starport  
  32  3:19  SCV  
  33  3:25  Marine  
  33  3:26  Marine  
  35  3:31  SCV  
  35  3:32  Orbital Command  
  36  3:35  Siege Tank  
  39  3:43  Marine x2  
  39  3:44  SCV  
  42  3:49  Medivac  
  42  3:53  Supply Depot  
  44  3:59  SCV x2  
  44  4:02  Marine  
  47  4:03  Marine  
  48  4:10  Barracks  
  48  4:12  SCV x2  
  50  4:18  Siege Tank  
  50  4:21  Starport Tech Lab  
  53  4:27  Marine x2  
  53  4:30  Supply Depot  
  55  4:31  SCV x2  
  57  4:43  SCV x2  
  57  4:48  Marine x2  
  55  4:55  SCV  
  55  4:56  SCV  
  50  5:06  Marine x2  
  49  5:08  SCV x2  
  50  5:18  Siege Tank, Marine  
  50  5:19  Starport Reactor  
  54  5:24  Marine x2  
  54  5:31  SCV x2  
  55  5:40  Marine  
  54  5:43  SCV x2  
  54  5:48  Supply Depot  
  56  5:52  Siege Tank  
  56  5:54  Marine  
  56  5:55  SCV  
  61  5:57  Marine  
  61  5:59  SCV  
  63  6:07  SCV, Medivac  
  63  6:10  Marine  
  69  6:13  Marine  
  69  6:15  Marine  
  69  6:17  SCV  
  72  6:19  SCV  
  73  6:25  Siege Tank  
  73  6:31  Marine, SCV  
  69  6:33  Marine  
  69  6:35  SCV  
  62  6:40  Barracks Tech Lab  
  62  6:44  Barracks  
  62  6:45  Starport Reactor  
  59  6:49  Marine  
  59  6:51  Marine  
  61  6:55  SCV x2  
  61  6:59  Siege Tank  
  61  7:01  Stimpack, Marine  
  66  7:04  Engineering Bay  
  66  7:07  Marine  
  68  7:09  SCV x2  
  70  7:18  Supply Depot  
  70  7:19  Marine x2  
  72  7:23  Viking  
  72  7:24  Medivac  
  72  7:28  Marine  
  71  7:37  Marine x2  
  71  7:40  Barracks Reactor  
  71  7:43  SCV x2  
  75  7:46  Supply Depot, Marine  
  75  7:49  Terran Infantry Weapons Level 1  
  70  7:55  Marine  
  70  7:56  Marine  
  73  7:58  SCV  
  73  7:59  SCV  
  74  8:06  Marine  
  74  8:12  Siege Tank  
  78  8:13  Marine  
  78  8:17  Marine x3  
  82  8:21  SCV  
  82  8:22  SCV  
  84  8:28  Marine  
  85  8:37  Marine x3  
  85  8:39  Marine  
  85  8:41  Combat Shield  
  89  8:42  SCV  
  89  8:45  Marine  
  91  8:50  Siege Tank  
  94  9:01  Supply Depot  
  94  9:02  Supply Depot  
  94  9:08  Marine x2  
  94  9:11  Marine  
  94  9:23  Marine x2  
  96  9:24  SCV x2  
  96  9:26  Marine x2  
  96  9:28  Siege Tank  
  96  9:29  Marine  
  92  9:40  Marine x2  
  92  9:41  Medivac  
  92  9:42  Medivac  
  92  9:43  Marine  
  90  9:48  Marine  
  90  9:49  Marine  
  92  9:58  Marine x2  
  86  10:02  Marine  
Tags
 
Add a new tag
Caveats
  • Supply blocks, unpowered buildings, or Contaminate may cause inaccurate times.
  • Supply counts are checked every 10 seconds.